 Dungeon Crawl Stone Soup version 0.25.0-10-g039870ee82 (webtiles) character file.

Game seed: 374438050550321241

994 Anaz the Ducker (level 7, -1/60 HPs)
             Began as a Demigod Air Elementalist on June 22, 2020.
             Slain by a shadow imp (4 damage)
             ... on level 5 of the Dungeon.
             The game lasted 00:23:35 (5978 turns).

Anaz the Ducker (Demigod Air Elementalist)          Turns: 5978, Time: 00:23:35

Health: -1/60      AC: 10    Str: 15    XL:     7   Next: 66%
Magic:  13/14      EV: 12    Int: 19    God:
Gold:   19         SH:  0    Dex: 16    Spells: 1/11 levels left

rFire    . . .     SeeInvis .   d - +2 short sword (venom)
rCold    + . .     Gourm    .   (no shield)
rNeg     . . .     Faith    .   p - +3 scale mail {rC+}
rPois    .         Spirit   .   (no helmet)
rElec    .         Reflect  .   (no cloak)
rCorr    .         Harm     .   (no gloves)
MR       .....                  g - +0 pair of boots
Stlth    +.........             (no amulet)
HPRegen  0.20/turn              l - ring of wizardry
MPRegen  0.14/turn              (no ring)

@: stab, flying
A: high mp 1
a: no special abilities


You were on level 5 of the Dungeon.
You were not hungry.

You visited 1 branch of the dungeon, and saw 6 of its levels.

You collected 257 gold pieces.
You spent 238 gold pieces at shops.

Inventory:

Hand Weapons
 b - a +0 dagger
 d - a +2 short sword of venom (weapon)
 v - a cursed -3 dagger
Armour
 a - a +0 robe
 g - a +0 pair of boots (worn)
 p - a +3 scale mail of cold resistance (worn)
 B - the -5 pair of boots "Doiskaof" {-Tele *Corrode rPois Regen+}
   (You bought it in a shop on level 4 of the Dungeon)

   It protects you from poison.
   It prevents most forms of teleportation.
   It increases your rate of regeneration.
   It may corrode you when you take damage.
Jewellery
 l - a ring of wizardry (left hand)
Wands
 y - a wand of digging (6)
Scrolls
 f - 3 scrolls of fog
 h - a scroll of enchant weapon {unknown}
 i - 2 scrolls of random uselessness {unknown}
 j - a scroll of blinking {unknown}
 m - 2 scrolls of remove curse
 o - 2 scrolls of magic mapping
 q - 3 scrolls of immolation {unknown}
 r - 2 scrolls of enchant armour {unknown}
 t - a scroll of amnesia {unknown}
 u - 3 scrolls of teleportation
Potions
 e - 3 potions of degeneration
 k - 3 potions of haste
 n - a potion of brilliance {unknown}
 s - a potion of flight
 w - a potion of stabbing
 x - a potion of berserk rage {unknown}
 z - 2 potions of ambrosia {unknown}
 A - 2 potions of might
 C - 2 potions of lignification {unknown}
 D - a potion of heal wounds {unknown}
Comestibles
 c - 6 rations
 E - 4 chunks of flesh


   Skills:
 * Level 4.8 Fighting
 + Level 5.0 Dodging
 - Level 1.7 Stealth
 + Level 2.8 Spellcasting
 + Level 1.8 Conjurations
 + Level 4.5 Air Magic


You had one spell level left.
You knew the following spells:

 Your Spells              Type           Power        Failure   Level  Hunger
a - Shock                 Conj/Air       ##..         8%          1    None
b - Swiftness             Chrm/Air       ##......     16%         2    ##.....
c - Static Discharge      Conj/Air       ##......     21%         3    ###....
d - Airstrike             Air            ###.......   38%         4    ####...

Your spell library contained the following spells:

 Spells                   Type           Power        Failure   Level  Hunger
 Foxfire                  Conj/Fire      #...         17%         1    None
 Blink                    Tloc           N/A          36%         2    ##.....
 Portal Projectile        Hex/Tloc       #.....       58%         3    ###....
 Teleport Other           Tloc           #.......     58%         3    ###....
 Lightning Bolt           Conj/Air       ##........   86%         5    ######.
 Starburst                Conj/Fire      #.........   100%        6    #######


Dungeon Overview and Level Annotations

Branches:
Dungeon (6/15)             Temple (0/1) D:5

Shops:
D:4 [[*%   D:5 *}


Innate Abilities, Weirdness & Mutations

You have an increased reservoir of magic. (+10% MP)


Message History

The shadow imp is heavily wounded.
The zap hits the orc priest.
You kill the orc priest!
Your Dodging skill increases to level 5!
The shadow imp gestures at you. Pain shoots through your body!
* * * LOW HITPOINT WARNING * * *
Okay, then.
Casting: Shock (safe; 8% risk of failure)
Confirm with . or Enter, or press ? or * to list all spells.
Aiming: Shock (safe; 8% risk of failure)
Press: ? - help, Shift-Dir - straight line
Okay, then.
It was a potion of flight.
You feel very buoyant.
You fly up into the air.
The shadow imp closely misses you.
It was a potion of stabbing.
You feel ready to backstab. The shadow imp hits you.
You die...

#.....≈.......≈..........<...###
###...≈.......≈........##.#..####
#..#≈#.....#≈#.##......<#......
#..#≈≈≈≈≈≈≈≈≈#....#.#..........
##.###.....###..###.##......##.
#..........5..........#..#....
#.####....)....#####....######
#..........5######......######
#.........#.5@.....#.#.......# #
##........##........#.##.####..
###.........##..........##...####
............##().......#####..###
####........##>.......## #......
# #........##.[......# #...... #
#........##........# #...... #
#################### ####### #


You could see 2 shadow imps.

Vanquished Creatures
  Sigmund (D:2)
  A sky beast (D:5)
  An ogre (D:4)
  A crocodile (D:4)
  A crimson imp (D:5)
  2 hounds
  4 iguanas
  3 orc priests
  A worker ant (D:5)
  3 orc wizards
  Terence (D:2)
  A killer bee zombie (D:5)
  3 adders
  An adder skeleton (D:4)
  A worm (D:4)
  3 dart slugs
  3 leopard geckos
  18 orcs
  4 giant cockroaches
  10 goblins
  9 hobgoblins
  7 jackals
  12 kobolds
  A quokka (D:2)
  5 bats
  4 frilled lizards
  A jackal skeleton (D:3)
  A leopard gecko skeleton (D:4)
  8 rats
111 creatures vanquished.

Notes
Turn   | Place    | Note
-------+----------+-------------------------------------------
     0 | D:1      | Anaz the Demigod Air Elementalist began the quest for the
                  | Orb.
     0 | D:1      | Reached XP level 1. HP: 14/14 MP: 5/5
    34 | D:1      | Reached skill level 1 in Conjurations
   200 | D:1      | Reached XP level 2. HP: 16/22 MP: 7/7
   592 | D:1      | You fall into a shaft and drop 1 floor!
   691 | D:2      | Reached skill level 1 in Fighting
   691 | D:2      | Reached skill level 2 in Dodging
   691 | D:2      | Reached XP level 3. HP: 18/28 MP: 8/8
   698 | D:2      | Learned a level 2 spell: Swiftness
   702 | D:2      | Learned a level 3 spell: Static Discharge
   962 | D:2      | Noticed Sigmund
  1300 | D:2      | Noticed Terence
  1313 | D:2      | Killed Terence
  1491 | D:2      | Reached XP level 4. HP: 31/35 MP: 10/10
  2263 | D:2      | Found a faded altar of an unknown god.
  3022 | D:3      | Found a shadowy altar of Dithmenos.
  3079 | D:3      | Found a roughly hewn altar of Beogh.
  3114 | D:3      | Reached XP level 5. HP: 26/41 MP: 11/11
  3638 | D:2      | Killed Sigmund
  3638 | D:2      | Reached skill level 3 in Dodging
  3638 | D:2      | Reached XP level 6. HP: 50/50 MP: 12/12
  4199 | D:4      | Reached skill level 4 in Dodging
  4565 | D:4      | Found Qoahi's Antique Armour Emporium.
  4585 | D:4      | Found Doimoemnon's General Store.
  4595 | D:4      | Bought a scroll of identify for 20 gold pieces
  4609 | D:4      | Found Cossupod's Antique Armour Shoppe.
  4640 | D:4      | Reached XP level 7. HP: 25/58 MP: 12/14
  4652 | D:4      | Learned a level 4 spell: Airstrike
  4952 | D:4      | Found Cusyl's Food Boutique.
  4955 | D:4      | Identified Sif Muna's Collected Works on Quantum Fire
  5189 | D:5      | Entered Level 5 of the Dungeon
  5267 | D:5      | Found Maraisku's General Store.
  5350 | D:4      | Bought a pair of steaming boots for 218 gold pieces
  5360 | D:4      | Identified the cursed -5 pair of boots "Doiskaof" {-Tele
                  | *Corrode rPois Regen+} (You bought it in a shop on level 4
                  | of the Dungeon)
  5452 | D:5      | Found a staircase to the Ecumenical Temple.
  5789 | D:5      | Found Habarupp's Gadget Boutique.
  5976 | D:5      | Reached skill level 5 in Dodging
  5976 | D:5      | HP: 2/60 [shadow imp/nerve-wracking pain (7)]
  5978 | D:5      | Slain by a shadow imp

Illustrated notes

Levels and vault maps discovered:
D:1:      wander_arrival_desolate, layout_loops_cross, minmay_hedge_maze
D:2:      layout_loops_corners, chequers_ecumenical_altar_grove, first_ration,
          uniq_terence, uniq_sigmund
D:3:      cheibrodos_helix_gallery, layout_basic, grunt_dithmenos_smoke,
          serial_bayou_pond_e, kennysheep_orc_chapel
D:4:      layout_cave_pools, serial_shops,
          nicolae_shop_competitors_out_of_business, nicolae_shop_behind_doors,
          nicolae_shop_crystal, nicolae_shop_waterfront, grunt_decor_arrowhead,
          grunt_ministairs_8
D:5:      layout_rooms, minmay_temple_entry_water_ring, serial_shops, shop, shop
D:6:      layout_cave_pools, lightli_sewer_entry_pipes

Skill      XL: |  1  2  3  4  5  6  7 |
---------------+----------------------+-----
Conjurations   | 1 |  1.8
Air Magic      | 3 4 |  4.5
Spellcasting   | 2 |  2.8
Fighting       | 1 2 3 4 |  4.8
Dodging        | 2 3 4 5 |  5.0
Stealth        | |  1.7

Action                   |  1- 3 |  4- 6 |  7- 9 || total
-------------------------+-------+-------+-------++-------
Melee: Short sword       |    76 |   181 |    96 ||   353
       Dagger            |     1 |       |       ||     1
 Cast: Shock             |     6 |       |     6 ||    12
  Use: Potion            |       |     1 |     2 ||     3
       Scroll            |       |     4 |     3 ||     7
 Stab: Sleeping          |     3 |     5 |       ||     8
  Eat: Chunk             |     2 |     9 |     5 ||    16
Armor: Robe              |    13 |    12 |       ||    25
       Scale mail        |       |   100 |    65 ||   165
Dodge: Dodged            |    56 |   143 |    76 ||   275
